 Dungeon Crawl Stone Soup version 0.26-a0-540-g8a0c9464d7 (webtiles) character file.

Game seed: 18018566558667664544

229683 kobby the Imperceptible (level 18, -7/136 HPs)
             Began as a Vampire Brigand on Aug 25, 2020.
             Was the Champion of Dithmenos.
             Killed by the air
             ... invoked by a spriggan air mage
              (25 damage)
             ... on level 2 of the Depths on Aug 27, 2020.
             The game lasted 02:51:19 (37158 turns).

kobby the Imperceptible (Vampire Brigand)          Turns: 37158, Time: 02:51:20

Health: -7/136     AC: 27    Str: 14    XL:     18   Next: 30%
Magic:  24/24      EV: 24    Int: 16    God:    Dithmenos [******]
Gold:   1818       SH: 15    Dex: 25    Spells: 17/17 levels left

rFire    + . .     SeeInvis +   Z - +6 quick blade (venom)
rCold    + . .     Faith    .   c - +2 buckler {rPois}
rNeg     + . .     Spirit   .   d - +5 ring mail of Kigynan {rN+ Dex+6}
rPois    +         Reflect  +   p - +0 helmet "Senaj" {+Inv Str+4}
rElec    .         Harm     .   I - scarf {rC+ rF+}
rCorr    +                      L - +1 pair of gloves of the Northern Lights {rPois MR++ rCorr Stlth-}
MR       ++++.                  f - +2 pair of boots
Stlth    ++++++++++             B - amulet of reflection
HPRegen  0.52/turn              v - ring of protection from magic
MPRegen  0.19/turn              M - +4 ring of protection

@: about to teleport, very slightly contaminated, regenerating quickly, wreathed
by umbra
A: fangs 3, icy blue scales 1, thin metallic scales 1, see invisible, clumsy 1,
sense surroundings 1, shaggy fur 1, unbreathing, subdued magic 1
}: 2/15 runes: decaying, serpentine
a: Exsanguinate, Shadow Step, Shadow Form, Renounce Religion, Evoke Invisibility


You were on level 2 of the Depths.
You worshipped Dithmenos.
Dithmenos was exalted by your worship.
You visited 8 branches of the dungeon, and saw 35 of its levels.

You collected 3117 gold pieces.
You spent 1299 gold pieces at shops.

Inventory:

Hand Weapons
 g - a +5 dagger of venom
 s - the +1 short sword "Tawaycru" {pain, *Contam *Corrode +Fly Stlth+}
   (You bought it in a shop on level 4 of the Snake Pit)

   In the hands of one skilled in necromantic magic, it inflicts extra damage on
   living creatures.
   It lets you fly.
   It causes magical contamination when unequipped.
   It may corrode you when you take damage.
   It makes you more stealthy.
 E - the +9 lance "Wyrmbane" {slay drac, rPois rF+ rC+ AC+3}
   (You took it off Maggie on level 8 of the Dungeon)

   It affects your AC (+3).
   It protects you from fire.
   It protects you from cold.
   It protects you from poison.
 F - a +0 rapier of electrocution
 Q - the +3 dagger "Isait" {vorpal, *Slow +Fly Str+6 Int-5}
   (You found it on level 5 of the Lair of Beasts)

   It inflicts extra damage upon your enemies.
   It affects your strength (+6).
   It affects your intelligence (-5).
   It lets you fly.
   It may slow you when you take damage.
 S - the +1 war axe of Qojoxkun {drain, Int+6}
   (You found it on level 6 of the Lair of Beasts)

   A truly terrible weapon, it drains the life of those it strikes.
   It affects your intelligence (+6).
 Z - a +6 quick blade of venom (weapon)
Missiles
 e - 14 curare-tipped darts
 l - 6 datura-tipped darts
 w - 32 poisoned darts (quivered)
 T - 10 atropa-tipped darts
Armour
 c - a +2 buckler of poison resistance (worn)
 d - the +5 ring mail of Kigynan (worn) {rN+ Dex+6}
   (You found it on level 3 of the Lair of Beasts)

   It affects your dexterity (+6).
   It protects you from negative energy.
 f - a +2 pair of boots (worn)
 h - a scarf of invisibility
 p - the +0 helmet "Senaj" (worn) {+Inv Str+4}
   (You found it on level 6 of the Lair of Beasts)

   It affects your strength (+4).
   It lets you turn invisible.
 u - a +1 helmet
 x - a +1 pair of gloves
 I - a scarf of resistance (worn)
 L - the +1 pair of gloves of the Northern Lights (worn) {rPois MR++ rCorr Stlth-}
   (You acquired it on level 5 of the Lair of Beasts)

   It protects you from poison.
   It affects your resistance to hostile enchantments.
   It provides partial protection from all sources of acid and corrosion.
   It makes you less stealthy.
 P - the +6 chain mail of Feqapodd {Dex+2}
   (You found it on level 4 of the Snake Pit)

   It affects your dexterity (+2).
 R - the cursed +0 pair of boots of Creativity {rF+}
   (You bought it in a shop on level 2 of the Orcish Mines)

   It protects you from fire.
   It has a curse placed upon it.
Jewellery
 b - an uncursed ring of fire
 o - a +6 ring of strength
 r - a cursed ring of teleportation
 v - a ring of protection from magic (left hand)
 B - an amulet of reflection (around neck)
 G - an uncursed amulet of regeneration
 M - a +4 ring of protection (right hand)
 U - an uncursed ring of protection from fire
 V - an uncursed ring of wizardry
 Y - an uncursed ring of flight
Wands
 y - a wand of paralysis (4)
 A - a wand of disintegration (21)
 D - a wand of digging (9)
 O - a wand of flame (67)
Scrolls
 i - 10 scrolls of remove curse
 k - 2 scrolls of immolation
 t - a scroll of amnesia
 C - a scroll of magic mapping
 H - 5 scrolls of fear
Potions
 a - a potion of magic
 j - 2 potions of flight
 n - 4 potions of stabbing
 q - 3 potions of might
 z - 3 potions of curing
 J - a potion of cancellation
 K - 3 potions of ambrosia
 N - a potion of brilliance
 W - a potion of resistance
 X - a potion of heal wounds


   Skills:
 + Level 10.8 Fighting
 + Level 13.4 Short Blades
 + Level 1.8 Throwing
 + Level 6.7 Armour
 + Level 14.8 Dodging
 - Level 22.8 Stealth
 + Level 11.9 Shields
 * Level 9.1 Invocations
 + Level 10.1 Evocations


You had 17 spell levels left.
You didn't know any spells.
Your spell library contained the following spells:

 Spells                   Type           Power        Failure   Level
 Animate Skeleton         Necr           #.....       38%         1
 Apportation              Tloc           #.....       38%         1
 Beastly Appendage        Tmut           #.....       38%         1
 Corona                   Hex            #......      38%         1
 Foxfire                  Conj/Fire      #...         38%         1
 Magic Dart               Conj           #...         38%         1
 Shock                    Conj/Air       #...         38%         1
 Summon Small Mammal      Summ           #...         38%         1
 Blink                    Tloc           N/A          52%         2
 Call Imp                 Summ           #.......     52%         2
 Poisonous Vapours        Pois/Air       #.....       52%         2
 Slow                     Hex            #.......     52%         2
 Swiftness                Air            #.......     52%         2
 Wereblood                Tmut           #.......     52%         2
 Call Canine Familiar     Summ           #.......     77%         3
 Conjure Flame            Conj/Fire      #.......     77%         3
 Inner Flame              Hex/Fire       #.......     77%         3
 Mephitic Cloud           Conj/Pois/Air  #.......     77%         3
 Spider Form              Tmut/Pois      #.........   77%         3
 Static Discharge         Conj/Air       #.......     77%         3
 Summon Guardian Golem    Hex/Summ       #.......     77%         3
 Airstrike                Air            #.........   99%         4
 Animate Dead             Necr           #.........   99%         4
 Ice Form                 Ice/Tmut       #.......     99%         4
 Leda's Liquefaction      Hex/Erth       #.........   99%         4
 Sticky Flame             Conj/Fire      #.......     99%         4
 Summon Ice Beast         Ice/Summ       #.......     99%         4
 Summon Lightning Spire   Summ/Air       #.......     99%         4
 Blade Hands              Tmut           #.........   100%        5
 Bolt of Magma            Conj/Fire/Erth #.........   100%        5
 Borgnjor's Vile Clutch   Necr/Erth      #.........   100%        5
 Fireball                 Conj/Fire      #.........   100%        5
 Lightning Bolt           Conj/Air       #.........   100%        5
 Death Channel            Necr           #.........   100%        6
 Freezing Cloud           Conj/Ice/Air   #.........   100%        6
 Iron Shot                Conj/Erth      #.........   100%        6
 Simulacrum               Ice/Necr       #.........   100%        6
 Statue Form              Tmut/Erth      #........    100%        6
 Shatter                  Erth           #.........   100%        9


Dungeon Overview and Level Annotations

Branches:
Dungeon (15/15)            Temple (1/1) D:7            Lair (6/6) D:11
  Swamp (4/4) Lair:3        Snake (4/4) Lair:4        Slime (0/5) Lair:6
    Orc (2/2) D:12            Elf (1/3) Orc:2        Vaults (0/5) D:13
 Depths (2/5) D:15

Altars:
Ashenzari
Cheibriados
Dithmenos
Elyvilon
Fedhas
Gozag
Hepliaklqana
Kikubaaqudgha
Makhleb
Nemelex Xobeh
Okawaru
Qazlal
Ru
Sif Muna
Trog
Uskayaw
Vehumet
Wu Jian
Xom
Yredelemnul
Zin
The Shining One

Shops:
D:9 !   D:11 ?   D:12 [}*!   Orc:2 [*[=   Snake:2 ==}   Snake:3 [[[(
Snake:4 [(

Portals:
Hell: Depths:1
Abyss: Depths:1

Annotations:
D:7 exclusion: oklob plant
D:14 3 runed translucent doors, KennyOmg's ghost, journeyman MiBe; Roxanne
Lair:1 exclusion: oklob plant


Innate Abilities, Weirdness & Mutations

Your natural rate of healing is unusually fast.
You have razor-sharp teeth.
You have supernaturally acute eyesight. (SInv)
You can survive without breathing.
You are partially covered in icy blue scales. (AC +2)
You are partially covered in thin metallic scales. (AC +2)
You are clumsy. (Dex -2)
You passively map a small area around you.
You are covered in fur. (AC +1)
Your spells are a little easier to cast, but a little less powerful.


Message History

Aim: a titan (black smoke, moderately wounded, extremely poisoned, umbra, chance to defeat MR: 0%)
The titan resists with almost no effort.
Unknown command.
There is an open door here.
You open the door.
The spriggan air mage waves its arms in wide circles.
The air twists around and strikes you.
There is an open door here.
The spriggan air mage casts a spell at you.
The bolt of lightning hits the titan.
The titan completely resists.
The bolt of lightning hits you!
* * * LOW HITPOINT WARNING * * *
The titan waves its arms in wide circles.
The air twists around and strikes you!!
* * * LOW HITPOINT WARNING * * *
As you read the scroll of teleportation, it crumbles to dust.
You feel strangely unstable.
The spriggan air mage waves its arms in wide circles.
The air twists around and strikes you!!
You die...

* #.###...###.##
* * , *
###..#......#..#
,
,..............##
* ,
**##......#..#.#
, ,
###...###.#... *
**, *, ,
##...#..#....#* *
#.....##....# *
#####.#####....#
*
#....@)...#..###
##.#.#.#.##... *
,, #'#C#+# #* , *
, ####...# , *
,#.....i# , ,
#.###'###+## **
,#, #....§§§# , ,
#...§§.§# ,
#...§§§.#*


You could see a titan (extremely poisoned) and a spriggan air mage (repels
missiles).

Vanquished Creatures
  Vashnia (Snake:2)
  Nikola (Snake:3)
  Asterion (Depths:1)
  Rupert (D:14)
  2 thorn hunters (Swamp:4)
  9 nagarajas
  Aizul (Elf:1)
  Louise (D:14)
  A hydra skeleton (Swamp:4)
  A caustic shrike skeleton (Depths:1)
  3 stone giants (Depths:1)
  2 vampire knights
  The ghost of Gohezaip the Cleaver, a journeyman MiFi of Trog (Lair:1)
  An ettin (Depths:1)
  Josephine (D:14)
  A yaktaur captain (Depths:2)
  3 fire dragons (Depths:1)
  Harold (Lair:2)
  10 naga warriors
  12 hydras
  A rakshasa (Depths:1)
  A ghost crab (Swamp:4)
  An ice dragon (Depths:2)
  3 centaur warriors
  Erica (D:8)
  5 shambling mangroves
  6 anacondas
  2 catoblepae
  7 alligators
  21 two-headed ogres
  4 deep troll shamans (Depths:1)
  A vampire mage (D:15)
  5 shock serpents
  2 tengu warriors (D:13)
  5 ogre magi
  A dancing weapon (Elf:1)
  15 naga sharpshooters
  Sonja (D:11)
  2 skeletal warriors
  An iron troll (Depths:1)
  2 salamander mystics
  4 deep trolls (Depths:1)
  5 hell knights (Depths:1)
  2 unseen horrors
  A spectral hydra (Swamp:3)
  2 spriggan druids (Swamp:4)
  A tengu zombie (D:15)
  2 phantasmal warriors
  2 swamp dragons (Swamp:4)
  A flayed ghost (Depths:2)
  8 necromancers
  Pikel (D:9)
  2 lindwurms (Lair:2)
  2 naga ritualists
  8 mana vipers
  4 orc knights
  6 deep elf magi
  A shadow dragon zombie (D:15)
  An orc sorcerer (Orc:1)
  7 oklob plants
  2 wolf spider zombies
  4 ugly things
  2 cyclopes (D:15)
  An iron dragon skeleton (D:15)
  A stone giant zombie (D:15)
  11 salamanders
  A manticore (D:9)
  5 elephants
  A frost giant skeleton (Depths:1)
  Maurice (D:12)
  A guardian serpent (Snake:3)
  10 naga magi
  26 black mambas
  A molten gargoyle (Lair:4)
  11 cane toads
  A torpor snail (Lair:4)
  Maggie (D:8)
  4 komodo dragons
  3 yaktaurs (Depths:2)
  An efreet (D:15)
  A freezing wraith (Swamp:4)
  3 rime drakes
  A hydra zombie (Swamp:4)
  A spriggan skeleton (Depths:1)
  A yaktaur skeleton (Depths:1)
  8 trolls
  3 death drake zombies (Swamp:4)
  7 polar bears
  A tengu simulacrum (Depths:1)
  Grinder (D:5)
  16 hornets
  9 tyrant leeches
  12 dream sheep
  4 bog bodies
  6 slime creatures
  A spriggan zombie (Depths:1)
  4 hippogriffs
  A meliai zombie (D:15)
  A centaur simulacrum (D:14)
  3 shadows
  7 wraiths
  41 yaks
  Sigmund (D:2)
  A water elemental (Depths:1)
  4 fire bats (Lair:4)
  16 spriggans
  8 wyverns
  A vampire (D:14)
  3 steam dragons (D:6)
  4 basilisks
  A fire elemental (Lair:4)
  6 vampire mosquitoes
  4 wargs (Orc:2)
  Menkaure (D:5)
  55 nagas
  An insubstantial wisp (Swamp:2)
  5 swamp worms
  17 water moccasins
  8 porcupines
  5 hydra simulacra (Swamp:4)
  20 orc warriors
  7 swamp drakes
  4 ice beasts
  2 phantoms
  An eye of draining (D:14)
  7 black bears
  3 sky beasts
  A swamp dragon zombie (Swamp:4)
  5 boggarts
  A necrophage (D:6)
  30 ogres
  23 wolves
  15 centaurs
  A swamp dragon skeleton (Swamp:4)
  2 big kobolds
  9 crocodiles
  19 bullfrogs
  A gnoll sergeant (D:12)
  A wyvern zombie (D:14)
  A water moccasin zombie (D:10)
  2 wyvern skeletons
  6 scorpions
  A water moccasin skeleton (D:8)
  21 wights
  7 howler monkeys
  8 electric eels (Lair:3)
  3 bullfrog zombies
  2 centaur zombies
  2 quasits
  7 hounds
  3 centaur skeletons
  10 orc priests
  7 jellies
  3 bullfrog skeletons
  3 iguanas
  18 orc wizards
  12 worker ants
  A hound zombie (D:10)
  A hound skeleton (D:5)
  A worker ant zombie (D:8)
  12 gnolls
  10 adders
  4 shadow imps
  5 white imps
  8 ufetubi
  3 oozes
  2 adder skeletons
  An adder zombie (D:6)
  2 worms (D:3)
  2 dart slugs
  10 leopard geckos
  58 orcs
  A ball python (D:1)
  7 bats
  3 giant cockroaches
  13 goblins
  5 hobgoblins
  9 jackals
  12 kobolds
  8 quokkas
  A ball python skeleton (D:5)
  5 frilled lizards
  A jackal zombie (D:6)
  2 quokka zombies
  2 rats (D:1)
  2 briar patches (Swamp:4)
  2 plants
1023 creatures vanquished.

Vanquished Creatures (collateral kills)
  A naga ritualist (Snake:2)
  3 mana vipers (Snake:2)
4 creatures vanquished.

Vanquished Creatures (others)
  A hydra (Swamp:4)
  A black mamba (Snake:4)
  2 naga magi
  A bog body (Swamp:2)
  A wyvern (Lair:2)
  A vampire mosquito (Swamp:2)
  An acid dragon (D:9)
  A naga (Snake:4)
  2 swamp drakes (Swamp:4)
  A sky beast (D:9)
  An orc (Orc:2)
  A quokka (D:5)
  A frilled lizard (D:5)
  A fire vortex (Lair:2)
  4 fungi
  6 plants
  8 toadstools (Lair:2)
34 creatures vanquished.

Grand Total: 1061 creatures vanquished

Notes
Turn   | Place    | Note
-------+----------+-------------------------------------------
     0 | D:1      | kobby the Vampire Brigand began the quest for the Orb.
     0 | D:1      | Reached XP level 1. HP: 16/16 MP: 1/1
    29 | D:1      | Reached skill level 6 in Stealth
   145 | D:1      | Reached XP level 2. HP: 16/22 MP: 2/2
   470 | D:1      | Reached skill level 7 in Stealth
   522 | D:1      | Reached XP level 3. HP: 25/27 MP: 3/3
  1080 | D:2      | Noticed Sigmund
  1094 | D:2      | Killed Sigmund
  1094 | D:2      | Reached skill level 8 in Stealth
  1094 | D:2      | Reached XP level 4. HP: 33/33 MP: 1/4
  1094 | D:2      | Reached XP level 5. HP: 38/38 MP: 1/5
  1145 | D:2      | Noticed a phantom
  1173 | D:2      | Killed a phantom
  1173 | D:2      | Reached XP level 6. HP: 42/44 MP: 3/6
  2052 | D:2      | Gained mutation: You are partially covered in icy blue
                  | scales. (AC +2) [potion of mutation]
  2052 | D:2      | Gained mutation: You are covered in fur. (AC +1) [potion of
                  | mutation]
  2052 | D:2      | Gained mutation: You are partially covered in thin metallic
                  | scales. (AC +2) [potion of mutation]
  2477 | D:4      | Reached skill level 9 in Stealth
  3036 | D:4      | Reached XP level 7. HP: 46/51 MP: 7/7
  3281 | D:4      | Reached skill level 5 in Short Blades
  3372 | D:5      | Entered Level 5 of the Dungeon
  3484 | D:5      | Reached skill level 10 in Stealth
  3638 | D:5      | Found a shimmering altar of Xom.
  3695 | D:5      | Noticed Menkaure
  3722 | D:5      | Killed Menkaure
  3722 | D:5      | Reached XP level 8. HP: 51/58 MP: 5/8
  3733 | D:5      | Reached skill level 1 in Evocations
  3980 | D:5      | Reached skill level 5 in Dodging
  4015 | D:5      | Noticed Grinder
  4047 | D:5      | Killed Grinder
  4317 | D:5      | Reached skill level 11 in Stealth
  4620 | D:6      | Reached XP level 9. HP: 65/65 MP: 7/9
  5124 | D:7      | Noticed an unseen horror
  5171 | D:7      | Killed an unseen horror
  5171 | D:7      | Reached skill level 12 in Stealth
  5379 | D:7      | Found an ancient bone altar of Kikubaaqudgha.
  5472 | D:7      | Found a staircase to the Ecumenical Temple.
  5531 | Temple   | Entered the Ecumenical Temple
  5642 | Temple   | Became a worshipper of Dithmenos the Shadowed
  5766 | D:7      | Noticed an oklob plant
  6134 | D:8      | Noticed Maggie
  6144 | D:8      | Killed Maggie
  6181 | D:8      | Reached XP level 10. HP: 72/72 MP: 10/10
  6225 | D:8      | Reached skill level 13 in Stealth
  6555 | D:8      | Reached skill level 5 in Fighting
  6566 | D:8      | Reached * piety under Dithmenos
  6700 | D:8      | Noticed Erica
  6725 | D:8      | Killed Erica
  7239 | D:9      | Reached skill level 14 in Stealth
  7352 | D:9      | Found Buug's Distillery.
  7421 | D:9      | Noticed Pikel
  7433 | D:9      | Killed Pikel
  7505 | D:9      | Noticed a centaur warrior
  7505 | D:9      | Noticed a deep elf mage
  7505 | D:9      | Noticed a manticore
  7526 | D:9      | Reached ** piety under Dithmenos
  7690 | D:9      | Reached XP level 11. HP: 80/80 MP: 11/11
  7785 | D:9      | Paralysed by a hornet for 3 turns
  7932 | D:9      | Killed a deep elf mage
  7932 | D:9      | Reached skill level 15 in Stealth
  7968 | D:9      | Killed a centaur warrior
  7968 | D:9      | Reached skill level 10 in Short Blades
  8441 | D:10     | Entered Level 10 of the Dungeon
  8632 | D:10     | Found an opulent altar of Gozag.
  8732 | D:10     | Reached skill level 10 in Dodging
  8803 | D:10     | Reached *** piety under Dithmenos
  8803 | D:10     | Reached skill level 16 in Stealth
  9264 | D:11     | Noticed Sonja
  9275 | D:11     | Killed Sonja
  9328 | D:11     | Noticed a brown ugly thing
  9333 | D:11     | Killed a brown ugly thing
  9664 | D:11     | Reached skill level 17 in Stealth
  9964 | D:11     | Found Keulac's Magic Scroll Shoppe.
 10010 | D:11     | Found a staircase to the Lair.
 10060 | Lair:1   | Entered Level 1 of the Lair of Beasts
 10104 | Lair:1   | Got an iridescent rapier
 10105 | Lair:1   | Identified the +4 rapier of Roibredu {holy, Dex+2 SInv}
                  | (You found it on level 1 of the Lair of Beasts)
 10386 | Lair:1   | Noticed a six-headed hydra
 10406 | Lair:1   | Killed a six-headed hydra
 10511 | Lair:1   | Noticed an oklob plant
 10527 | Lair:1   | Got a scorched scale mail
 10529 | Lair:1   | Identified the +1 scale mail of Zin's Castigation {Harm rF+
                  | rC+} (You found it on level 1 of the Lair of Beasts)
 10543 | Lair:1   | Found a runed translucent gate.
 10547 | Lair:1   | Noticed a six-headed hydra
 10557 | Lair:1   | Killed a six-headed hydra
 10557 | Lair:1   | Reached XP level 12. HP: 88/88 MP: 10/12
 10940 | Lair:1   | Found a runed translucent gate.
 10940 | Lair:1   | Found a runed translucent gate.
 10941 | Lair:1   | Noticed Gohezaip's ghost (journeyman MiFi)
 10946 | Lair:1   | Noticed a 12-headed hydra
 10951 | Lair:1   | Killed a 12-headed hydra
 10951 | Lair:1   | Reached skill level 18 in Stealth
 10953 | Lair:1   | Killed Gohezaip's ghost
 10953 | Lair:1   | Reached skill level 5 in Evocations
 11086 | Lair:2   | Noticed Harold
 11099 | Lair:2   | Killed Harold
 11368 | Lair:2   | Found a white marble altar of Elyvilon.
 11452 | Lair:2   | Noticed a four-headed hydra
 11550 | Lair:2   | Found a runed translucent door.
 11600 | Lair:2   | Gained mutation: You passively map a small area around you.
                  | [mutagenic glow]
 11635 | Lair:2   | Killed a four-headed hydra
 12073 | Lair:2   | Reached skill level 19 in Stealth
 12329 | Lair:3   | Found a staircase to the Swamp.
 12472 | Lair:3   | Reached **** piety under Dithmenos
 12718 | Lair:3   | Got a steaming ring mail
 12719 | Lair:3   | Identified the +5 ring mail of Kigynan {rN+ Dex+6} (You
                  | found it on level 3 of the Lair of Beasts)
 13291 | Lair:4   | Reached skill level 20 in Stealth
 13305 | Lair:4   | Reached XP level 13. HP: 95/95 MP: 13/13
 13515 | Lair:4   | Found a staircase to the Snake Pit.
 13602 | Lair:4   | Gained mutation: Your spells are a little easier to cast,
                  | but a little less powerful. [mutagenic glow]
 13833 | Lair:4   | Reached ***** piety under Dithmenos
 13845 | Lair:4   | Found a snail-covered altar of Cheibriados.
 14030 | Lair:4   | Got a heavily runed platinum ring
 14333 | Lair:5   | Reached skill level 1 in Armour
 14424 | Lair:5   | Got a bloodstained dagger
 14425 | Lair:5   | Identified a scroll of acquirement
 14425 | Lair:5   | Acquired the +1 pair of gloves of the Northern Lights
                  | {rPois MR++ rCorr Stlth-}
 14600 | Lair:5   | Identified the +3 dagger "Isait" {vorpal, *Slow +Fly Str+6
                  | Int-5} (You found it on level 5 of the Lair of Beasts)
 15057 | Lair:5   | Found an opulent altar of Gozag.
 15433 | Lair:6   | Entered Level 6 of the Lair of Beasts
 15437 | Lair:6   | Got a warped war axe
 15486 | Lair:6   | Acquired a +5 quick blade
 15492 | Lair:6   | Identified the cursed +1 war axe of Qojoxkun {drain, Int+6}
                  | (You found it on level 6 of the Lair of Beasts)
 15549 | Lair:6   | Identified the cursed ring "Pixkouve" {rC+ AC-4 Int+3} (You
                  | found it on level 4 of the Lair of Beasts)
 15658 | Lair:6   | Found a staircase to the Slime Pits.
 15665 | Lair:6   | Reached skill level 21 in Stealth
 16188 | Lair:6   | Got a polished helmet
 16293 | Lair:6   | Identified the +0 helmet "Senaj" {+Inv Str+4} (You found it
                  | on level 6 of the Lair of Beasts)
 16848 | Lair:6   | Reached XP level 14. HP: 85/104 MP: 14/14
 16991 | Lair:6   | Reached skill level 1 in Shields
 17667 | D:12     | Noticed Maurice
 17678 | D:12     | Killed Maurice
 17689 | D:12     | Found Muogada Deikk's Gadget Boutique.
 17736 | D:12     | Found Uhopnilass's General Store.
 17811 | D:12     | Found Caheg's Antique Armour Shop.
 17860 | D:12     | Bought a pair of glowing gloves for 270 gold pieces
 18113 | D:12     | Reached skill level 22 in Stealth
 18217 | D:12     | Found a staircase to the Orcish Mines.
 18429 | D:12     | Found Nappaenn's Distillery.
 18459 | D:12     | Bought a potion of haste for 120 gold pieces
 18459 | D:12     | Bought a potion of heal wounds for 60 gold pieces
 18459 | D:12     | Bought a potion of heal wounds for 60 gold pieces
 18892 | D:13     | Reached ****** piety under Dithmenos
 19110 | D:13     | Found a gate to the Vaults.
 19587 | D:14     | Noticed Rupert
 19602 | D:14     | Killed Rupert
 19619 | D:14     | Noticed Louise
 19716 | D:14     | Noticed Roxanne
 19780 | D:14     | Noticed Josephine
 19813 | D:14     | Killed Josephine
 20391 | D:14     | Found a runed translucent gate.
 20400 | D:14     | Killed Louise
 20498 | D:14     | Reached skill level 5 in Shields
 20527 | D:14     | Found a runed translucent gate.
 20529 | D:14     | Found a runed translucent gate.
 20534 | D:14     | Noticed KennyOmg's ghost (journeyman MiBe)
 20916 | D:15     | Entered Level 15 of the Dungeon
 21052 | D:15     | Found a staircase to the Depths.
 21160 | Orc:1    | Entered Level 1 of the Orcish Mines
 21327 | Orc:2    | Entered Level 2 of the Orcish Mines
 21590 | Orc:1    | Gained mutation: You are clumsy. (Dex -2) [mutagenic glow]
 21709 | Orc:2    | Found Enakh's Antique Armour Boutique.
 21709 | Orc:2    | Found Ydig Sev's Antique Armour Shoppe.
 21713 | Orc:2    | Reached XP level 15. HP: 111/111 MP: 13/15
 21714 | Orc:2    | Found Vaexomn's Assorted Antiques.
 21714 | Orc:2    | Found Gaigecaw's Jewellery Emporium.
 21796 | Orc:2    | Reached skill level 1 in Invocations
 21811 | Orc:2    | Found a staircase to the Elven Halls.
 22138 | Orc:2    | Bought an embroidered scarf for 240 gold pieces
 22138 | Orc:2    | Bought a pair of warped boots for 285 gold pieces
 22139 | Orc:2    | Identified the cursed +0 pair of boots of Creativity {rF+}
                  | (You bought it in a shop on level 2 of the Orcish Mines)
 22804 | Elf:1    | Entered Level 1 of the Elven Halls
 22840 | Elf:1    | Noticed Aizul
 22842 | Elf:1    | Killed Aizul
 23087 | Swamp:1  | Entered Level 1 of the Swamp
 24849 | Swamp:4  | Entered Level 4 of the Swamp
 24917 | Swamp:4  | Reached skill level 5 in Armour
 24918 | Swamp:4  | Noticed a thorn hunter
 24922 | Swamp:4  | Found a blossoming altar of Fedhas.
 24923 | Swamp:4  | Noticed a thorn hunter
 25019 | Swamp:4  | Reached XP level 16. HP: 120/120 MP: 19/19
 25589 | Swamp:4  | Reached skill level 5 in Invocations
 25590 | Swamp:4  | Killed a thorn hunter
 26084 | Swamp:4  | Found a basalt altar of Yredelemnul.
 26199 | Swamp:4  | Killed a thorn hunter
 26408 | Swamp:4  | Got a decaying rune of Zot
 26981 | Snake:1  | Entered Level 1 of the Snake Pit
 28928 | Snake:2  | Found Zeob's Gadget Emporium.
 28928 | Snake:2  | Found Tiash's Jewellery Shop.
 28929 | Snake:2  | Found Wouhity's Jewellery Shop.
 29049 | Snake:2  | Noticed Vashnia
 29058 | Snake:2  | Killed Vashnia
 29589 | Snake:3  | Reached skill level 10 in Shields
 29923 | Snake:3  | Reached XP level 17. HP: 127/127 MP: 22/22
 30010 | Snake:3  | Found Paotumur's Armour Emporium.
 30011 | Snake:3  | Found Emuneul's Armour Shoppe.
 30011 | Snake:3  | Found Fuqeut's Antique Armour Emporium.
 30014 | Snake:3  | Found Bacoohu's Weapon Shoppe.
 30521 | Snake:4  | Entered Level 4 of the Snake Pit
 30605 | Snake:4  | Noticed Nikola
 30769 | Snake:4  | Found Oskonucw's Antique Weapon Boutique.
 30774 | Snake:4  | Got a warped chain mail
 30775 | Snake:4  | Identified the +6 chain mail of Feqapodd {Dex+2} (You found
                  | it on level 4 of the Snake Pit)
 30783 | Snake:4  | Bought a pitted short sword for 264 gold pieces
 30796 | Snake:3  | Identified the +1 short sword "Tawaycru" {pain, *Contam
                  | *Corrode +Fly Stlth+} (You bought it in a shop on level 4
                  | of the Snake Pit)
 31327 | Snake:4  | HP: 5/127 [naga sharpshooter/arrow (12)]
 31659 | Snake:3  | Killed Nikola
 31914 | Snake:3  | Reached skill level 10 in Fighting
 32312 | Snake:4  | Found Feled's Armour Shop.
 34278 | Snake:4  | Got a serpentine rune of Zot
 35012 | D:15     | Found a snail-covered altar of Cheibriados.
 35545 | Depths:1 | Entered Level 1 of the Depths
 35570 | Depths:1 | Found a one-way gate to the infinite horrors of the Abyss.
 35687 | Depths:1 | Noticed Asterion
 35829 | Depths:1 | Killed Asterion
 35903 | Depths:1 | Found a gateway to Hell.
 35928 | Depths:1 | Reached XP level 18. HP: 136/136 MP: 22/24
 36484 | Depths:1 | Reached skill level 10 in Evocations
 37121 | Depths:2 | Noticed a caustic shrike
 37158 | Depths:2 | Killed from afar by a spriggan air mage

Illustrated notes

Levels and vault maps discovered:
D:1:      scummos_arrival_gate, layout_basic
D:2:      layout_basic, serial_forest, infiniplex_forest_clump_small,
          infiniplex_forest_clump_double, infiniplex_forest_lined_corner,
          infiniplex_forest_end_2, infiniplex_forest_lined_4_way,
          infiniplex_forest_corner_2, infiniplex_forest_straight_2,
          infiniplex_forest_clump_small, uniq_sigmund
D:3:      layout_basic, minmay_quadrilaterals
D:4:      layout_basic
D:5:      layout_basic, xom_confusion_cloud, uniq_grinder, uniq_menkaure
D:6:      cheibrodos_steamvent, layout_rooms
D:7:      lemuel_slime, layout_basic, minmay_temple_entry_gardened_gates,
          lemuel_statue_altar
D:8:      layout_basic, eino_small_chamber_without_monster, uniq_maggie,
          uniq_erica
D:9:      minmay_slanted_spiral_squares, layout_loops_ring, serial_shops, shop,
          uniq_pikel
D:10:     layout_basic, grunt_gozag_breadcrumbs
D:11:     layout_roguey, grunt_lair_entry_orc_guard_hut, serial_shops,
          kennysheep_mini_moat, blue_anna_alchemist [blue_anna_fruit_fields,
          blue_anna_fruit_fields], uniq_sonja
D:12:     layout_basic, david_orc_4, serial_shops, nicolae_shop_crystal, shop,
          shop_statue, shop_fountains, uniq_maurice
D:13:     layout_gridville, david_vaults_1
D:14:     layout_loops_cross, corexii_hall_statues_deadend,
          gammafunk_ghost_spectres, uniq_rupert, uniq_roxanne, uniq_louise,
          uniq_josephine
D:15:     gammafunk_depths_entry_grave, layout_cave_pools, cheibriados_altar_1,
          grunt_ministairs_6
Temple:   kilobyte_greek_temple
Lair:1:   layout_cave_pods, gammafunk_ghost_hydra_chop,
          minmay_lair_oklob_chamber
Lair:2:   gammafunk_lair_enchanted_lake, layout_gridlike, basic_altar,
          uniq_harold
Lair:3:   layout_regular_city, minmay_swamp_entry_eels
Lair:4:   layout_gridlike, minmay_snake_entry_guardpost_small, basic_altar
Lair:5:   layout_cave_pods, basic_altar, minivault_25, beast_lair_carwin_1,
          grunt_megastairs_1
Lair:6:   minmay_lair_end_enchanted_forest, layout_regular_city,
          minmay_slime_entry_oklob_open, minmay_lair_oklob_items,
          columned_hall_lemuel
Swamp:1:  layout_basic_swamp, evilmike_swamp_ruin_rubble_2
Swamp:2:  layout_basic_swamp, nicolae_swamp_trees_clearing, swamp_pool4,
          worms_lemuel, uniq_kirke
Swamp:3:  layout_basic_swamp, evilmike_swamp_ruin_house_5, swamp_pool2,
          nicolae_swamp_treefoil
Swamp:4:  byrel_swamp_growth_death_and_undeath, layout_basic_swamp
Snake:1:  layout_onion
Snake:2:  layout_gridlike, serial_bayou_shore_b, minmay_shop_grove, uniq_vashnia
Snake:3:  layout_basic, minmay_shoptagon
Snake:4:  minmay_snake_end_coiled, layout_cave_town, serial_shops,
          shop_fountains, nicolae_shop_competitors_out_of_business,
          st_stairs_13, uniq_nikola
Orc:1:    layout_diamond_mine, basic_altar
Orc:2:    st_orc_ogre_mass, layout_diamond_mine
Elf:1:    minmay_elf_arrival_summoners, layout_loops_cross, orc_legates,
          uniq_frances, uniq_aizul
Depths:1: layout_honeycomb, nicolae_trove_entry_columns, hell_entry,
          grunt_decor_arrowhead, abyss_entry, minmay_misc_feat_secret_circle,
          serial_bayou_pond_c, kennysheep_generic_room_10, uniq_asterion
Depths:2: minmay_the_grid_4x2 [minmay_the_grid_dragon_a,
          minmay_the_grid_medium_cups, minmay_the_grid_paths,
          minmay_the_grid_large_cup, minmay_the_grid_tree,
          minmay_the_grid_eight, minmay_the_grid_rooms,
          minmay_the_grid_prize_four_corners], layout_cave_pools,
          minmay_curled_crystal, pf_hell_entry_tar_spiral,
          grunt_pan_entry_sceptre

Skill      XL: |  1  2  3  4  5  6  7  8  9 10 11 12 13 14 15 16 17 18 |
---------------+-------------------------------------------------------+-----
Stealth        | 6 7 8 9 10 11 12 14 17 20 21 22 | 22.8
Fighting       | 2 3 4 5 6 7 8 9 10 | 10.8
Short Blades   | 3 4 6 7 8 9 10 11 12 13 | 13.4
Dodging        | 2 3 4 6 7 9 10 11 12 13 14 | 14.8
Evocations     | 2 3 4 6 7 8 9 10 | 10.1
Armour         | 2 3 5 6 |  6.7
Shields        | 5 8 10 11 | 11.9
Invocations    | 4 6 8 9 |  9.1
Throwing       | |  1.8

Action                   |  1- 3 |  4- 6 |  7- 9 | 10-12 | 13-15 | 16-18 || total
-------------------------+-------+-------+-------+-------+-------+-------++-------
Melee: Dagger            |   127 |   185 |   397 |   885 |  2566 |   473 ||  4633
       Bite              |    11 |    14 |    46 |   106 |   472 |   525 ||  1174
       Quick blade       |       |       |       |       |       |  2078 ||  2078
Invok: Shadow Step       |       |       |       |       |     2 |       ||     2
 Abil: Evoke Invisibilit |     1 |     1 |     6 |    18 |    31 |    30 ||    87
       Exsanguinate      |       |       |       |     1 |       |       ||     1
       Revivify          |       |       |       |     1 |       |       ||     1
Evoke: Wand              |       |       |     3 |     4 |     8 |    49 ||    64
  Use: Potion            |       |     5 |     2 |     6 |     6 |    21 ||    40
       Scroll            |       |     5 |     6 |    16 |    21 |    16 ||    64
 Stab: Sleeping          |     6 |    12 |    16 |    70 |   102 |    45 ||   251
       Invisible         |     2 |     3 |     4 |    38 |    71 |    49 ||   167
       Confused          |       |       |     1 |       |       |       ||     1
       Distracted        |       |       |     4 |     1 |     8 |    19 ||    32
Armor: Robe              |    48 |    39 |   112 |   124 |       |       ||   323
       Skin              |       |     5 |       |       |       |       ||     5
       Ring mail         |       |       |       |     9 |   286 |   275 ||   570
Dodge: Dodged            |    96 |   111 |   210 |   499 |  1203 |   881 ||  3000
Block: Other             |       |       |    24 |   127 |   106 |       ||   257
       Reflection        |       |       |       |     1 |    22 |   113 ||   136
       Buckler           |       |       |       |       |   844 |   954 ||  1798

Table legend: (Time is in decaauts)
 A = Elapsed time spent in this place.
 B = Non-inter-level travel time spent in this place.
 C = Inter-level travel time spent in this place.
 D = Time resting spent in this place.
 E = Time spent auto-exploring this place.
 F = Levels seen in this place.
 G = Mean time per level.
                   A        B        C        D        E       F      G
               +--------+--------+--------+--------+--------+-----+--------+
         Total |  33721 |  32369 |   1352 |   6632 |  14936 |  35 |  963.5 |
       Dungeon |  13243 |  12663 |    580 |   1490 |   7057 |  15 |  882.9 |
        Temple |    225 |    190 |     35 |      0 |    168 |   1 |  225.0 |
          Lair |   7678 |   7251 |    427 |    985 |   3972 |   6 | 1279.7 |
         Swamp |   3175 |   3163 |     12 |   1325 |    627 |   4 |  793.8 |
     Snake Pit |   6442 |   6322 |    120 |   2182 |   2089 |   4 | 1610.5 |
  Orcish Mines |   1506 |   1370 |    136 |    191 |    610 |   2 |  753.0 |
   Elven Halls |     55 |     55 |      0 |      0 |      0 |   1 |   55.0 |
        Depths |   1393 |   1353 |     40 |    459 |    411 |   2 |  696.5 |
               +--------+--------+--------+--------+--------+-----+--------+

Top non-repeatable levels by time:
 Snake:4: 2208 daAuts
 Snake:3: 1930 daAuts
  Lair:6: 1820 daAuts
     D:9: 1340 daAuts
  Lair:2: 1315 daAuts
     D:2: 1281 daAuts
  Lair:3: 1254 daAuts
    D:14: 1247 daAuts
 Snake:1: 1237 daAuts
   Orc:2: 1232 daAuts
Depths:1: 1228 daAuts
  Lair:4: 1140 daAuts
     D:4: 1131 daAuts
 Swamp:1: 1115 daAuts
    D:13: 1088 daAuts
